 Dungeon Crawl Stone Soup version 0.20-a0-513-g02c11fc (webtiles) character file.

175 Klosterheim the Cudgeler (level 5, 0/48 HPs)
             Began as a Minotaur Fighter on Jan 23, 2017.
             Slain by an adder skeleton (1 damage)
             ... on level 4 of the Dungeon.
             The game lasted 00:02:03 (1400 turns).

Klosterheim the Cudgeler (Minotaur Fighter)         Turns: 1400, Time: 00:02:03

Health: 0/48       AC: 14    Str: 21    XL:     5   Next: 29%
Magic:  4/4        EV:  7    Int:  5    God:
Gold:   53         SH:  0    Dex: 10    Spells: 4/4 levels left

rFire    + . .     SeeInvis .   a - +0 flail
rCold    . . .     Gourm    .   r - +1 chain mail {rF+}
rNeg     . . .     Faith    .   (no shield)
rPois    .         Spirit   .   (helmet restricted)
rElec    .         Reflect  .   (no cloak)
rCorr    .         Harm     .   (no gloves)
MR       .....                  h - +0 pair of boots
Stlth    ..........             (no amulet)
Regen    0.2/turn               (no ring)
                                p - +3 ring of protection

@: lethally poisoned (0 -> -9)
A: retaliatory headbutt, horns 2
a: no special abilities


You were on level 4 of the Dungeon.
You were not hungry.

You visited 1 branch of the dungeon, and saw 3 of its levels.

You collected 53 gold pieces.

Inventory:

Hand Weapons
 a - a +0 flail (weapon)
Armour
 h - a +0 pair of boots (worn)
 r - a +1 chain mail of fire resistance (worn)
Jewellery
 p - a +3 ring of protection (left hand)
Scrolls
 b - a scroll of magic mapping {unknown}
 e - a scroll of identify {unknown}
 g - a scroll of fear {unknown}
 i - a scroll of amnesia {unknown}
 k - a scroll of enchant weapon {unknown}
 l - 2 scrolls of enchant armour {unknown}
 n - a scroll of teleportation {unknown}
 o - a scroll of fog {unknown}
 q - a scroll of remove curse {unknown}
Potions
 c - a potion of heal wounds {unknown}
 d - a potion of might
 j - a potion of mutation {unknown}
Comestibles
 f - 2 bread rations
 m - 4 chunks of flesh


   Skills:
 + Level 5.1 Fighting
 * Level 5.6 Maces & Flails
 - Level 3.6 Armour
   Level 3.6 Shields


You had 4 spell levels left.
You didn't know any spells.

Dungeon Overview and Level Annotations

Branches:
Dungeon (2/15)

Altars:


Innate Abilities, Weirdness & Mutations

You reflexively headbutt those who attack you in melee.
You have a pair of horns on your head.


Message History

You feel sick.
The adder is engulfed in noxious fumes.
The adder appears confused.
Yoshimo's ghost hits you but does no damage.
You miss Yoshimo's ghost.
Yoshimo's ghost is severely damaged.
The adder barely misses the adder skeleton.
Yoshimo's ghost casts a spell at you. The sting hits you!
You are more poisoned.
Unknown command.
You hit Yoshimo's ghost. You headbutt Yoshimo's ghost.
You destroy Yoshimo's ghost!
Your Fighting skill increases to level 5!
Your Maces & Flails skill increases to level 5!
You have reached level 4!
You feel agile.
You have reached level 5!
* * * LOW HITPOINT WARNING * * *
You feel sick. The adder skeleton bites you.
You die...

#.###.#..##[######.##
..........#.# #..#
#.###.......# #.## #
#.#####.##### #.# .##
#.......#### #.# ....
######.....# #.#
#######...## #.....#
##S###....(...... #.....#
#.Z.........$....
#.....#####@####...........
#........##.########.......
###.#.##......# .#.....
#.#.##......# .#...#.
#.#.........# .# ..#
.............# .. ...
.....##......# ## ...
........##.### ..##.......#


You could see an adder (confused) and an adder skeleton.

Vanquished Creatures
  The ghost of Yoshimo the Stinger, an amateur OpVM (D:4)
  2 adders
  An ooze (D:1)
  2 dart slugs
  A leopard gecko (D:1)
  An orc (D:4)
  A giant cockroach (D:1)
  2 goblins (D:1)
  2 hobgoblins
  8 jackals
  2 quokkas (D:2)
  4 bats
  A frilled lizard (D:1)
  2 kobolds (D:2)
  8 rats
38 creatures vanquished.

Notes
Turn   | Place    | Note
-------+----------+-------------------------------------------
     0 | D:1      | Klosterheim the Minotaur Fighter began the quest for the Orb.
     0 | D:1      | Reached XP level 1. HP: 19/19 MP: 0/0
    60 | D:1      | Reached XP level 2. HP: 26/27 MP: 1/1
   856 | D:2      | Reached XP level 3. HP: 27/33 MP: 2/2
  1141 | D:2      | You fall through a shaft for 2 floors!
  1362 | D:4      | Noticed Yoshimo's ghost (amateur OpVM)
  1398 | D:4      | HP: 1/34 [poisoned by Yoshimo's ghost (sting)]
  1400 | D:4      | Killed Yoshimo's ghost
  1400 | D:4      | Reached skill level 5 in Fighting
  1400 | D:4      | Reached skill level 5 in Maces & Flails
  1400 | D:4      | Reached XP level 4. HP: 2/42 MP: 3/3
  1400 | D:4      | Reached XP level 5. HP: 2/48 MP: 4/4
  1400 | D:4      | Slain by an adder skeleton

Vault maps used:
D:1:      dpeg_arrival_ratfight
D:2:      minmay_door_path
D:4:      uniq_crazy_yiuf_cottage

Skill      XL: |  1  2  3 |
---------------+----------+-----
Maces & Flails | 3 5 |  5.6
Fighting       | 4 5 |  5.1
Armour         | |  3.6
Shields        | |  3.6

Action                   |  1- 3 |  4- 6 || total
-------------------------+-------+-------++-------
Melee: Flail             |   117 |       ||   117
       Headbutt          |    14 |       ||    14
  Eat: Chunk             |     2 |       ||     2
Armor: Scale mail        |    81 |       ||    81
       Chain mail        |    17 |       ||    17
Dodge: Dodged            |    59 |       ||    59
